 Dungeon Crawl Stone Soup version 0.29-a0-330-g52719c12eb (webtiles) character file.

Game seed: 16991133442611909810

4 Aelig the Caller (level 1, 0/13 HPs)
             Began as a Mummy Summoner on May 12, 2022.
             Slain by a jackal (3 damage)
             ... on level 1 of the Dungeon.
             The game lasted 00:01:09 (255 turns).

Aelig the Caller (Mummy Summoner)                    Turns: 255, Time: 00:01:10

Health: 0/13       AC:  2    Str: 11    XL:     1   Next: 50%
Magic:  0/4        EV: 12    Int: 14    God:
Gold:   18         SH:  0    Dex: 12    Spells: 4/5 levels left

rFire   x . .      SeeInvis .   (no weapon)
rCold   + . .      Faith    .   (no shield)
rNeg    + + +      Spirit   .   a - +0 robe
rPois   ∞          Reflect  .   b - +0 hat
rElec   .          Harm     .   (no cloak)
rCorr   .          Rampage  .   (no gloves)
Will    .....                   (no boots)
Stlth   ++........              (no amulet)
HPRegen 0.04/turn               (no ring)
MPRegen 0.09/turn               (no ring)

@: no status effects
A: cold resistance 1, negative energy resistance 3, torment resistance 2, heat
vulnerability 1, no potions
a: no special abilities


You were on level 1 of the Dungeon.
You visited 1 branch of the dungeon, and saw 1 of its levels.

You collected 18 gold pieces.

Inventory:

Missiles
 d - 21 stones (quivered)
Armour
 a - a +0 robe (worn)
 b - a +0 hat (worn)
Scrolls
 c - a scroll of noise {unknown}


   Skills:
 - Level 1.5 Dodging
 - Level 1.5 Stealth
 + Level 2.9 Spellcasting
 + Level 3.3 Summonings


You had 4 spell levels left.
You knew the following spells:

 Your Spells              Type           Power      Damage    Failure   Level
a - Summon Small Mammal   Summ           44%        N/A       5%          1

Your spell library contained the following spells:

 Spells                   Type           Power      Damage    Failure   Level
 Call Imp                 Summ           11%        N/A       9%          2
 Call Canine Familiar     Summ           11%        N/A       16%         3
 Summon Guardian Golem    Hex/Summ       6%         N/A       32%         3
 Summon Lightning Spire   Summ/Air       6%         N/A       71%         4


Dungeon Overview and Level Annotations

Branches:
Dungeon (1/15)

Altars:


Innate Abilities, Weirdness & Mutations

You are immune to poison.
Your flesh is cold resistant. (rC+)
You are immune to negative energy. (rN+++)
You are immune to unholy pain and torment.
You are vulnerable to heat. (rF-)
You do not drink.


Message History

The jackal bites your rat.
Your rat dies!
Your rat's corpse disappears in a puff of smoke!
The goblin closely misses your quokka.
Casting: Summon Small Mammal (safe; 5% risk of failure)
Confirm with . or Enter, or press ? or * to list all spells.
You miscast Summon Small Mammal.
You are very lightly contaminated with residual magic.
Nothing appears to happen.
Your quokka barely misses the goblin.
The goblin hits your quokka with a +0 club.
Your quokka bites the goblin.
The goblin dies!
The jackal barely misses your quokka.
Your quokka barely misses the jackal.
The jackal bites your quokka.
Your quokka dies!
Your quokka's corpse disappears in a puff of smoke!
Your magical contamination has completely faded away.
Casting: Summon Small Mammal (safe; 5% risk of failure)
Confirm with . or Enter, or press ? or * to list all spells.
The jackal closely misses your rat. The jackal bites your rat.
Your rat dies!
Your rat's corpse disappears in a puff of smoke!
Casting: Summon Small Mammal (safe; 5% risk of failure)
Confirm with . or Enter, or press ? or * to list all spells.
The jackal attacks as you move away! The jackal barely misses you.
Your bat hits the jackal but does no damage.
The jackal bites you but does no damage.
You closely miss the jackal. Your bat hits the frilled lizard.
Your bat misses the frilled lizard.
The jackal bites you but does no damage.
The frilled lizard misses your bat.
You completely miss the jackal.
Your bat closely misses the frilled lizard.
The jackal bites you.
* * * LOW HITPOINT WARNING * * *
The frilled lizard bites your bat.
Your bat misses the frilled lizard. You hit the jackal.
The jackal is lightly wounded.
Your bat misses the frilled lizard. The jackal bites you.
You die...

+._..................
..#..#.#.#.#.......########
.......#.#................# .#
.......!..................# #.#
.#.#.###......##..........#####.#
.#.#. #.........b.............#.#
.#.#.###......##l.............#.#
..............##h#+#....!.....#.#
..............##@#.#..........#.#
#............##.#..............#
##.#..................#########.#
#......#......##.#..#.# #.#
..............##.#..#.# #..
..............##.#..#.#########.#
.........................(......#
.................................
#......#>..##......###.########.#


You could see a jackal (ally target), a frilled lizard (distracted) and a
friendly bat (summoned).

Vanquished Creatures
  An endoplasm (D:1)
1 creature vanquished.

Vanquished Creatures (collateral kills)
  A goblin (D:1)
  A jackal (D:1)
2 creatures vanquished.

Grand Total: 3 creatures vanquished

Notes
Turn   | Place    | Note
-------+----------+-------------------------------------------
     0 | D:1      | Aelig the Mummy Summoner began the quest for the Orb.
     0 | D:1      | Reached XP level 1. HP: 13/13 MP: 4/4
   172 | D:1      | Found a faded altar of an unknown god.
   255 | D:1      | Slain by a jackal

Illustrated notes

Levels and vault maps discovered:
D:1:      elethiomel_arrival_infinity_welcomes_careful_drivers, layout_basic,
          ebering_ecumenical_altar_abandoned, serial_shops, shop, shop,
          nicolae_shop_crystal

Action                   || total
-------------------------++-------
Melee: Unarmed           ||    15
Throw: Stone             ||     1
 Cast: Summon Small Mamm ||     7
Armor: Robe              ||     5
Dodge: Dodged            ||     9

Table legend: (Time is in decaauts)
 A = Elapsed time spent in this place.
 B = Non-inter-level travel time spent in this place.
 C = Inter-level travel time spent in this place.
 D = Time resting spent in this place.
 E = Time spent auto-exploring this place.
 F = Levels seen in this place.
 G = Mean time per level.
                   A        B        C        D        E       F      G
               +--------+--------+--------+--------+--------+-----+--------+
         Total |    255 |    241 |     14 |      0 |    136 |   1 |  255.0 |
       Dungeon |    255 |    241 |     14 |      0 |    136 |   1 |  255.0 |
               +--------+--------+--------+--------+--------+-----+--------+

Top non-repeatable levels by time:
     D:1: 255 daAuts
